Map: Ultralove

Players

DaywalkerRV

  • Race: Zerg Zerg
  • Spawn Location: 7:00

SubN - Winner!

  • Race: Zerg Zerg
  • League: Diamond
  • Spawn Location: 1:00

VOD

Have the link to the VOD?

Description

Time

  • Played on: July 22, 2025, 2:53 p.m.
  • Length: 3:24
Show
View Real Time Build Order
Export as new Build Order

DaywalkerRV Zerg 

Build Orders: Hatch First 

Get SALT Encoding   

  12  0:00  Drone  
  13  0:13  Overlord  
  13  0:20  Drone  
  14  0:23  Extractor  
  14  0:24  Drone  
  15  0:31  Drone  
  16  0:55  Hatchery  
  16  0:57  Drone  
  16  1:12  Spawning Pool  
  16  1:14  Drone  
  16  1:15  Drone, Extractor  
  16  1:20  Drone  
  16  1:27  Drone  
  17  1:39  Drone  
  18  1:47  Drone  
  19  1:58  Queen  
  21  2:07  Queen  
  23  2:09  Drone x3  
  26  2:20  Overlord  
  26  2:30  Drone x2  
  28  2:44  Baneling Nest  
  28  2:46  Zergling x2  
  28  2:47  Zergling x4  
  28  2:51  Zergling x2  
  31  2:57  Zergling x2  
  32  3:05  Zergling x2  
  32  3:06  Zergling x2  
Show
View Real Time Build Order
Export as new Build Order

SubN Zerg - Winner!

Build Orders: Pool First 

Get SALT Encoding   

  12  0:00  Drone  
  13  0:08  Drone  
  13  0:12  Extractor  
  13  0:29  Spawning Pool  
  12  1:16  Queen  
  14  1:24  Metabolic Boost  
  14  1:28  Hatchery  
  13  1:36  Overlord  
  13  1:49  Zergling x2  
  14  1:56  Zergling x2  
  14  1:57  Zergling x2  
  16  2:02  Zergling x2  
  17  2:11  Zergling x2  
  18  2:23  Zergling x2  
  18  2:24  Zergling x6  
  22  2:41  Zergling x4  
  24  2:57  Zergling x6  
  27  3:04  Zergling x2  
Tags
 
League
Diamond
Matchup
ZvZ
Race
Zerg
Replay Pack
Multiplayer
Spawn Locations
Cross Positions
Add a new tag
Caveats
  • Supply blocks, unpowered buildings, or Contaminate may cause inaccurate times.
  • Supply counts are checked every 10 seconds.